 Dungeon Sprint DCSS version 0.30.0-10-gfe55d96785 (webtiles) character file.

Game seed: 4350295537998617865

720 Groucho the Nimble (level 7, 0/42 HPs)
             Began as a Spriggan Hunter on May 14, 2023.
             Was a High Priest of Qazlal.
             Slain by a sea snake (23 damage)
             ... in the Dungeon (Sprint VII: "The Pits").
             The game lasted 00:03:50 (817 turns).

Groucho the Nimble (Spriggan Hunter)                 Turns: 817, Time: 00:03:51

Health: 0/42       AC:  3    Str: 10    XL:     7   Next: 42%
Magic:  14/14      EV: 26    Int: 14    God:    Qazlal [*****.]
Gold:   0          SH:  7    Dex: 20    Spells: 6/6 levels left

rFire   . . .        a - +0 shortbow
rCold   . . .        (shield currently unavailable)
rNeg    . . .        c - +0 robe
rPois   .            (helmet restricted)
rElec   .            p - +0 cloak
rCorr   .            (gloves unavailable)
SInv    +            (boots unavailable)
Will    +....        (no amulet)
Stlth   +            m - +3 ring of intelligence
HPRegen 0.27/turn    n - +3 ring of strength
MPRegen 0.14/turn

%: no teleportation, repel missiles
@: very quick
A: very small, no large weapons, unfitting armour, see invisible, speed 3
a: Renounce Religion, Upheaval, Elemental Force, Disaster Area


You were in the Dungeon.
You worshipped Qazlal.
Qazlal was extremely pleased with you.
You visited 1 branch

Inventory:

Hand Weapons
 a - a +0 shortbow (weapon)
Armour
 c - a +0 robe (worn)
 p - a +0 cloak (worn)
Jewellery
 m - a +3 ring of intelligence (left hand)
 n - a +3 ring of strength (right hand)
Scrolls
 b - a scroll of immolation
 i - a scroll of blinking
 k - 5 scrolls of amnesia
 l - a scroll of butterflies
Potions
 d - 7 potions of curing
 e - 5 potions of heal wounds
 f - 5 potions of haste
 g - 4 potions of magic
 h - 3 potions of berserk rage
 j - 2 potions of invisibility
 o - 2 potions of mutation


   Skills:
 + Level 7.0 Fighting
 + Level 9.2 Ranged Weapons
 + Level 11.0 Dodging
 - Level 1.5 Stealth
 + Level 8.1 Invocations


You had 6 spell levels left.
You didn't know any spells.
Your spell library was empty.

Dungeon Overview and Level Annotations

Branches:
Dungeon (1/1)

Altars:
Ashenzari
Cheibriados
Dithmenos
Elyvilon
Fedhas
Gozag
Hepliaklqana
Kikubaaqudgha
Makhleb
Nemelex Xobeh
Okawaru
Qazlal
Ru
Sif Muna
Trog
Uskayaw
Vehumet
Wu Jian
Xom
Yredelemnul
Zin
The Shining One
Jiyva
Lugonu


Innate Abilities, Weirdness & Mutations

You are very small and have problems with some larger weapons.
You are too small for most types of armour.
You have supernaturally acute eyesight. (SInv)
You cover ground extremely quickly. (Speed+++)


Message History

You shoot an arrow. The arrow closely misses the sea snake.
The arrow barely misses the tyrant leech.
The sea snake barely misses you.
You shoot an arrow. The arrow hits the sea snake.
The sea snake is severely wounded.
The sea snake bites you!!
Ouch! That really hurt!
Unknown command.
Unknown command.
Things that are here:
a +0 dagger; a +0 robe; an orc corpse You feel much better.
You shoot an arrow. The arrow barely misses the sea snake.
The arrow closely misses the tyrant leech.
You shoot an arrow. The arrow hits the sea snake.
The sea snake is severely wounded.
The sea snake bites you!!
Ouch! That really hurt!
The sea snake misses you.
You are too injured to fight recklessly!
You are too injured to fight recklessly!
You are too injured to fight recklessly!
Unknown command.
Unknown command.
There is an open door here.
Things that are here:
a +0 club; a curare-tipped dart; a kobold corpse You see here a +0 short sword.
Things that are here:
a +0 short sword; a +0 plate armour; an orc corpse You shoot an arrow.
The arrow hits the sea snake.
The sea snake is severely wounded.
You shoot an arrow. The arrow barely misses the sea snake.
The arrow closely misses the tyrant leech.
You shoot an arrow.
The arrow hits the sea snake but does no damage.
The sea snake is severely wounded.
The sea snake bites you!!
Ouch! That really hurt!
You die...

#...).w.....'..÷.)
#'#####'#####.....
#w#...#)#[[##.....
#)#...#.#))#####'#
#.#...'.#))##.....
#.##)####))##.....
#.#.....#..##.....
#S#.....#'###...<.
#@#........##.....
#.#........##.....
#'###########.....
#.......#..#######
#.......#.########
#...#...#.#....#..
#..###..#)#....#..
#...#...#))).).'..
#.......#'#)†..#..


You could see a sea snake and a tyrant leech.

Vanquished Creatures
  A wraith (D)
  An orc warrior (D)
  A centaur (D)
  A phantom (D)
  A kobold brigand (D)
  A bullfrog (D)
  A quasit (D)
  An iguana (D)
  3 orc wizards (D)
  A mummy (D)
  A gnoll (D)
  2 river rats (D)
  An ufetubus (D)
  An adder skeleton (D)
  4 orcs (D)
  A ball python (D)
  A giant cockroach (D)
  A goblin (D)
  A hobgoblin (D)
  A ball python skeleton (D)
  A frilled lizard (D)
  2 kobolds (D)
29 creatures vanquished.

Notes
Turn   | Place    | Note
-------+----------+-------------------------------------------
     0 | D        | Groucho the Spriggan Hunter began the quest for the Orb.
     0 | D        | Reached XP level 1. HP: 10/10 MP: 2/2
    26 | D        | Reached skill level 3 in Dodging
    64 | D        | Found a bloodstained altar of Trog.
    64 | D        | Found a shimmering blue altar of Sif Muna.
    64 | D        | Found a viscous altar of Jiyva.
    64 | D        | Found a hazy altar of Hepliaklqana.
    64 | D        | Found an opulent altar of Gozag.
    65 | D        | Found a glowing golden altar of the Shining One.
    65 | D        | Found a glowing silver altar of Zin.
    65 | D        | Found a basalt altar of Yredelemnul.
    65 | D        | Found a shimmering altar of Xom.
    65 | D        | Found an ornate altar of the Wu Jian Council.
    65 | D        | Found a sacrificial altar of Ru.
    65 | D        | Found a stormy altar of Qazlal.
    65 | D        | Found an iron altar of Okawaru.
    65 | D        | Found a sparkling altar of Nemelex Xobeh.
    65 | D        | Found a burning altar of Makhleb.
    65 | D        | Found a blossoming altar of Fedhas.
    65 | D        | Found a white marble altar of Elyvilon.
    65 | D        | Found a shadowy altar of Dithmenos.
    65 | D        | Found a snail-covered altar of Cheibriados.
    68 | D        | Found a corrupted altar of Lugonu.
    68 | D        | Found a radiant altar of Vehumet.
    69 | D        | Found an ancient bone altar of Kikubaaqudgha.
    69 | D        | Found a hide-covered altar of Uskayaw.
    69 | D        | Found a broken altar of Ashenzari.
    72 | D        | Became a worshipper of Qazlal Stormbringer
    97 | D        | Reached skill level 1 in Invocations
   127 | D        | Reached * piety under Qazlal
   128 | D        | Reached XP level 2. HP: 15/15 MP: 4/4
   135 | D        | Reached skill level 4 in Dodging
   152 | D        | Reached ** piety under Qazlal
   215 | D        | Noticed a phantom
   232 | D        | Killed a phantom
   233 | D        | Reached skill level 6 in Dodging
   233 | D        | Reached XP level 3. HP: 18/21 MP: 4/7
   233 | D        | Reached XP level 4. HP: 21/25 MP: 4/8
   241 | D        | Noticed a bullfrog
   252 | D        | Reached *** piety under Qazlal
   281 | D        | Killed a bullfrog
   282 | D        | Reached skill level 7 in Dodging
   282 | D        | Reached skill level 5 in Invocations
   282 | D        | Reached XP level 5. HP: 12/30 MP: 9/9
   289 | D        | Reached skill level 5 in Fighting
   300 | D        | Reached **** piety under Qazlal
   301 | D        | Reached skill level 8 in Dodging
   394 | D        | Noticed a centaur
   401 | D        | Killed a centaur
   402 | D        | Reached XP level 6. HP: 35/35 MP: 11/11
   403 | D        | Noticed a wraith
   415 | D        | Killed a wraith
   416 | D        | Reached skill level 9 in Dodging
   539 | D        | Noticed an orc warrior
   575 | D        | Killed an orc warrior
   576 | D        | Reached skill level 10 in Dodging
   576 | D        | Reached XP level 7. HP: 41/41 MP: 13/13
   582 | D        | Reached ***** piety under Qazlal
   657 | D        | Reached skill level 11 in Dodging
   764 | D        | Noticed a tyrant leech
   766 | D        | Noticed a sea snake
   817 | D        | Slain by a sea snake

Illustrated notes

Levels and vault maps discovered:
D:        pitsprint [storerooms_1, entrance_room_1, metal_vault_2, armoury_2,
          mini_pit_1, grid_room_1, main_hall_1, silver_pit, the_coven_3,
          the_vestibule_1, steel_vault_1, golden_pit, hallway_of_sentries,
          crystal_vault_1, iron_vault_2, final_vault]

Skill      XL: |  1  2  3  4  5  6  7 |
---------------+----------------------+-----
Dodging        | 3 6 7 8 10 11 | 11.0
Fighting       | 2 3 4 5 6 7 |  7.0
Invocations    | 1 4 5 6 7 8 |  8.1
Ranged Weapons | 6 7 8 9 |  9.2
Stealth        | |  1.5

Action                     |  1- 3 |  4- 6 |  7- 9 || total
---------------------------+-------+-------+-------++-------
   Fire: Shortbow          |    37 |    48 |    40 ||   125
 Invoke: Upheaval          |       |       |     2 ||     2
    Use: Potion            |       |     2 |     1 ||     3
 Armour: Robe              |     2 |     3 |     2 ||     7
  Dodge: Dodged            |    18 |    33 |    14 ||    65
  Block: Other             |     1 |     6 |     4 ||    11
